 Dungeon Crawl Stone Soup version 0.24-a0-769-g368c1644f8 (webtiles) character file.

Game seed: 2850416266900179540, levelgen mode: deterministic

702116 Peloso the Minotaur Barricade (level 27, -27/273 HPs)
             Began as a Minotaur Fighter on Oct 5, 2019.
             Was a High Priest of Okawaru.
             Killed from afar by a purple draconian annihilator (61 damage)
             ... with a crystal spear
             ... on level 3 of the Realm of Zot on Oct 6, 2019.
             The game lasted 04:43:19 (77749 turns).

Peloso the Minotaur Barricade (Minotaur Fighter)   Turns: 77749, Time: 04:43:20

Health: -27/273    AC: 41    Str: 32      XL:     27
Magic:  25/25      EV: 16    Int:  8      God:    Okawaru [*****.]
Gold:   4463       SH: 22    Dex: 13 (15) Spells: 27/27 levels left

rFire    + + +     SeeInvis .   H - +3 double sword (elec)
rCold    + + +     Gourm    .   c - +3 shield {reflect}
rNeg     + . .     Faith    +   s - +9 scales of the Dragon King {rPois rF+ rC+ MR+}
rPois    +         Spirit   .   m - -2 hat of the Alchemist {rElec rPois rF+ rC+ rN+ MR+ rMut rCorr}
rElec    +         Reflect  +   F - scarf {cloud immunity}
rCorr    +         Harm     .   z - +2 pair of gloves {Str+3}
rMut     +                      n - +2 pair of boots
MR       ++++.                  U - amulet of faith
Stlth    ..........             p - ring of Seniet {rF+ rC+ EV+5}
HPRegen  0.55/turn              Y - ring "Rineur" {rPois rC+ Int+3}
MPRegen  0.19/turn

@: lethally poisoned (-27 -> -28), drained
A: retaliatory headbutt, horns 2
}: 4/15 runes: decaying, slimy, silver, gossamer
a: Heroism, Finesse, Renounce Religion


You were on level 3 of the Realm of Zot.
You worshipped Okawaru.
Okawaru was extremely pleased with you.
You were not hungry.

You visited 13 branches of the dungeon, and saw 57 of its levels.
You visited the Abyss 1 time.
You also visited: Trove, Bailey, Ice Cave and Wizlab.

You collected 32694 gold pieces.
You spent 5485 gold pieces at shops.
You paid 22746 gold pieces to Gozag.

Inventory:

Hand Weapons
 a - the +7 double sword "Nebogh" {venom, *Slow rPois rC- SInv}
   (You acquired it on level 11 of the Dungeon)

   It poisons the flesh of those it strikes.
   It makes you vulnerable to cold.
   It protects you from poison.
   It lets you see invisible.
   It may slow you when you take damage.
 b - the +3 falchion "Pusukk" {flame, rPois rF+}
   (You bought it in a shop on level 11 of the Dungeon)

   It has been specially enchanted to burn those struck by it, causing extra
   injury to most foes and up to half again as much damage against particularly
   susceptible opponents.
   Big, fiery blades are also staple armaments of hydra-hunters.
   It protects you from fire.
   It protects you from poison.
 H - a +3 double sword of electrocution (weapon)
Armour
 c - a +3 shield of reflection (worn)
 m - the -2 hat of the Alchemist (worn) {rElec rPois rF+ rC+ rN+ MR+ rMut rCorr}
   (You bought it in a shop on level 11 of the Dungeon)

   It protects you from fire.
   It protects you from cold.
   It insulates you from electricity.
   It protects you from poison.
   It protects you from negative energy.
   It affects your resistance to hostile enchantments.
   It provides partial protection from all sources of acid and corrosion.
   It protects you from mutation.
 n - a +2 pair of boots (worn)
 s - the +9 scales of the Dragon King (worn) {rPois rF+ rC+ MR+}
   (You bought it in a shop on level 11 of the Dungeon)

   It protects you from fire.
   It protects you from cold.
   It protects you from poison.
   It affects your resistance to hostile enchantments.
 u - quicksilver dragon scales
 w - +0 storm dragon scales
 z - a +2 pair of gloves of strength (worn)
 F - a scarf of cloud immunity (worn)
Jewellery
 p - the ring of Seniet (left hand) {rF+ rC+ EV+5}
   (You found it on level 4 of the Depths)

   [ring of evasion]

   It affects your evasion (+5).
   It protects you from fire.
   It protects you from cold.
 v - an uncursed ring of see invisible
 J - the amulet of Vitality {Regen+ HP+15}
   (You found it in an ice cave)

   [amulet of regeneration]

   It affects your health (+15).
   It increases your rate of regeneration.
 U - an amulet of faith (around neck)
 Y - the ring "Rineur" (right hand) {rPois rC+ Int+3}
   (You found it in a wizard's laboratory)

   [ring of poison resistance]

   It affects your intelligence (+3).
   It protects you from cold.
   It protects you from poison.
Wands
 x - a wand of flame (9)
 C - a wand of digging (20)
Scrolls
 g - 2 scrolls of enchant armour
 h - a scroll of enchant weapon
 j - 22 scrolls of identify
 k - 14 scrolls of teleportation
 o - a scroll of fog
 q - 7 scrolls of fear
 t - 2 scrolls of noise
 y - 6 scrolls of magic mapping
 G - 17 scrolls of remove curse
 T - 6 scrolls of blinking
Potions
 d - 9 potions of might
 e - 22 potions of curing
 i - 7 potions of resistance
 l - 12 potions of haste
 A - 7 potions of heal wounds
 I - a potion of agility
 M - 12 potions of flight
 V - a potion of berserk rage
Comestibles
 f - 23 rations
 r - 7 chunks of flesh


   Skills:
 O Level 27(25.6) Fighting
 O Level 27(25.6) Long Blades
   Level 2.3(1.5) Maces & Flails
   Level 1.9(1.1) Crossbows
 + Level 1.1(0.3) Throwing
 O Level 27(25.6) Armour
 + Level 6.9(6.0) Dodging
 + Level 11.7(10.7) Stealth
 O Level 27(25.6) Shields
 + Level 1.2(0.4) Unarmed Combat
 + Level 0.6(0.0) Spellcasting
 + Level 5.0(4.1) Invocations
 + Level 2.8(2.0) Evocations


You had 27 spell levels left.
You didn't know any spells.
Your spell library contained the following spells:

 Spells                   Type           Power        Failure   Level  Hunger
 Apportation              Tloc           #.....       93%         1    ##.....
 Beastly Appendage        Tmut           #.....       93%         1    ##.....
 Flame Tongue             Conj/Fire      #....        93%         1    ##.....
 Freeze                   Ice            #...         93%         1    ##.....
 Sandblast                Erth           #.....       93%         1    ##.....
 Shock                    Conj/Air       #...         93%         1    ##.....
 Sting                    Conj/Pois      #...         93%         1    ##.....
 Summon Butterflies       Summ           #.......     93%         1    ##.....
 Summon Small Mammal      Summ           #...         93%         1    ##.....
 Blink                    Tloc           N/A          98%         2    ###....
 Call Imp                 Summ           #.......     98%         2    ###....
 Corpse Rot               Necr           N/A          98%         2    ###....
 Ensorcelled Hibernation  Hex/Ice        #.....       98%         2    ###....
 Passwall                 Tmut/Erth      #.......     98%         2    ###....
 Poisonous Vapours        Pois/Air       #.....       98%         2    ###....
 Searing Ray              Conj           #.....       98%         2    ###....
 Shroud of Golubria       Chrm/Tloc      #.....       98%         2    ###....
 Sticks to Snakes         Tmut           #.......     98%         2    ###....
 Sublimation of Blood     Necr           #.........   98%         2    ###....
 Throw Flame              Conj/Fire      #.....       98%         2    ###....
 Throw Frost              Conj/Ice       #.....       98%         2    ###....
 Call Canine Familiar     Summ           #.......     100%        3    ####...
 Conjure Flame            Conj/Fire      #.......     100%        3    ####...
 Gell's Gravitas          Tloc           #.........   100%        3    ####...
 Ignite Poison            Fire/Tmut/Pois #.......     100%        3    ####...
 Inner Flame              Hex/Fire       #.......     100%        3    ####...
 Lesser Beckoning         Tloc           #.........   100%        3    ####...
 Mephitic Cloud           Conj/Pois/Air  #.......     100%        3    ####...
 Ozocubu's Armour         Chrm/Ice       #.......     100%        3    ####...
 Portal Projectile        Hex/Tloc       #.....       100%        3    ####...
 Recall                   Summ/Tloc      N/A          100%        3    ####...
 Spider Form              Tmut/Pois      #.........   100%        3    ####...
 Static Discharge         Conj/Air       #.......     100%        3    ####...
 Stone Arrow              Conj/Erth      #.....       100%        3    ####...
 Summon Guardian Golem    Hex/Summ       #.......     100%        3    ####...
 Teleport Other           Tloc           #.......     100%        3    ####...
 Tukima's Dance           Hex            #.......     100%        3    ####...
 Vampiric Draining        Necr           #.........   100%        3    ####...
 Airstrike                Air            #.........   100%        4    #####..
 Animate Dead             Necr           N/A          100%        4    #####..
 Cause Fear               Hex            #.........   100%        4    #####..
 Force Lance              Conj/Tloc      #.......     100%        4    #####..
 Ice Form                 Ice/Tmut       #.......     100%        4    #####..
 Leda's Liquefaction      Hex/Erth       #.........   100%        4    #####..
 Olgreb's Toxic Radiance  Pois           #.......     100%        4    #####..
 Passage of Golubria      Tloc           N/A          100%        4    #####..
 Petrify                  Tmut/Erth      #.......     100%        4    #####..
 Sticky Flame             Conj/Fire      #.......     100%        4    #####..
 Summon Ice Beast         Ice/Summ       #.......     100%        4    #####..
 Summon Lightning Spire   Summ/Air       #.......     100%        4    #####..
 Throw Icicle             Conj/Ice       #.......     100%        4    #####..
 Agony                    Necr           #.......     100%        5    ######.
 Alistair's Intoxication  Tmut/Pois      #.......     100%        5    ######.
 Aura of Abjuration       Summ           #.........   100%        5    ######.
 Blade Hands              Tmut           #.........   100%        5    ######.
 Bolt of Draining         Conj/Necr      #.........   100%        5    ######.
 Borgnjor's Vile Clutch   Necr/Erth      #.........   100%        5    ######.
 Dispel Undead            Necr           #.......     100%        5    ######.
 Excruciating Wounds      Chrm/Necr      #.........   100%        5    ######.
 Fireball                 Conj/Fire      #.........   100%        5    ######.
 Irradiate                Conj/Tmut      #.........   100%        5    ######.
 Lee's Rapid Deconstruct  Erth           #.........   100%        5    ######.
 Lightning Bolt           Conj/Air       #.........   100%        5    ######.
 Metabolic Englaciation   Hex/Ice        #.........   100%        5    ######.
 Silence                  Hex/Air        #.........   100%        5    ######.
 Summon Demon             Summ           #.........   100%        5    ######.
 Summon Forest            Summ/Tloc      #.........   100%        5    ######.
 Summon Mana Viper        Hex/Summ       #.......     100%        5    ######.
 Bolt of Cold             Conj/Ice       #.........   100%        6    #######
 Bolt of Fire             Conj/Fire      #.........   100%        6    #######
 Conjure Ball Lightning   Conj/Air       #.........   100%        6    #######
 Darkness                 Hex            #.........   100%        6    #######
 Deflect Missiles         Chrm/Air       #.........   100%        6    #######
 Dispersal                Tloc           #.........   100%        6    #######
 Freezing Cloud           Conj/Ice/Air   #.........   100%        6    #######
 Hydra Form               Tmut           #.........   100%        6    #######
 Invisibility             Hex            #.......     100%        6    #######
 Ozocubu's Refrigeration  Ice            #.........   100%        6    #######
 Shadow Creatures         Summ           N/A          100%        6    #######
 Simulacrum               Ice/Necr       #.........   100%        6    #######
 Statue Form              Tmut/Erth      #........    100%        6    #######
 Dragon Form              Tmut           #.........   100%        7    #######
 Malign Gateway           Summ/Tloc      #.........   100%        7    #######
 Monstrous Menagerie      Summ           #.........   100%        7    #######
 Orb of Destruction       Conj           #.........   100%        7    #######
 Ring of Flames           Chrm/Fire      #.........   100%        7    #######
 Summon Greater Demon     Summ           #.........   100%        7    #######
 Summon Hydra             Summ           #.........   100%        7    #######
 Controlled Blink         Tloc           N/A          100%        8    #######
 Disjunction              Tloc           #.........   100%        8    #######
 Ignition                 Fire           #.........   100%        8    #######
 Lehudib's Crystal Spear  Conj/Erth      #.........   100%        8    #######
 Summon Horrible Things   Summ           #.........   100%        8    #######
 Dragon's Call            Summ           #.........   100%        9    #######
 Shatter                  Erth           #.........   100%        9    #######
 Tornado                  Air            #.........   100%        9    #######


Dungeon Overview and Level Annotations

Branches:
Dungeon (15/15)            Temple (1/1) D:4            Lair (6/6) D:10
  Swamp (4/4) Lair:3       Spider (4/4) Lair:2        Slime (5/5) Lair:5
    Orc (2/2) D:11            Elf (3/3) Orc:2        Vaults (5/5) D:13
  Crypt (3/3) Vaults:3       Tomb (0/3) Crypt:3      Depths (5/5) D:15
   Hell (visited)             Zot (3/5) Depths:5     Bailey (visited)
  IceCv (visited)          WizLab (visited)
    Dis: Hell:1         Geh: Hell:1         Coc: Hell:1         Tar: Hell:1

Altars:
Ashenzari
Cheibriados
Dithmenos
Elyvilon
Fedhas
Gozag
Hepliaklqana
Kikubaaqudgha
Makhleb
Nemelex Xobeh
Okawaru
Qazlal
Ru
Sif Muna
Trog
Uskayaw
Vehumet
Wu Jian
Xom
Yredelemnul
Zin
The Shining One
Jiyva

Shops:
D:11 (*(([[((*[[([=   Orc:2 !**:?[   Elf:2 *   Vaults:1 *

Portals:
Hell: Depths:1 Depths:2 Depths:3 Depths:4 Depths:5
Abyss: Depths:2 Depths:4
Pandemonium: Depths:2 Depths:3
Ziggurat: Depths:5

Annotations:
Crypt:1 1 transporter
Hell Geryon


Innate Abilities, Weirdness & Mutations

You reflexively headbutt those who attack you in melee.
You have a pair of horns on your head.


Message History

The white draconian hits you with a +0 flail of crushing.
* * * LOW HITPOINT WARNING * * *
x2 Something hits you but does no damage.
Unknown command.
Something blocks your attack.
Your headbutt misses something.
You block the yellow draconian's attack.
The yellow draconian shifter casts a spell at you.
You blink.
The purple draconian annihilator mumbles some strange words.
The purple draconian annihilator blinks!
Unknown command.
As you read the scroll of teleportation, it crumbles to dust.
You feel strangely stable.
You feel sick.
The purple draconian annihilator gestures at you while chanting.
Your +3 shield of reflection reflects the crystal spear!
The crystal spear hits the purple draconian annihilator!!
Unknown command.
The purple draconian annihilator casts a spell at you.
The crystal spear hits you!!!
You die...

###...#. ###..>.##..
###......#....######
##........#.....#...+
#......#..###...qdd.#
######'###.##.#....){d#
##..###...##..q###dd.###
#...##.....##...)[dqd#
##...#.......+.@#)#.###
#....#.......##.###.ยง.
##...#.......+..# ..d.<.
##....##.....##.##. .....#
......###...##.. .. .#....#
....###.##'##... .#.....
......#.....#.#####.####...
..###...#..##..#.....
......#.#..))....#


You could see a green draconian, a red draconian, 2 draconians, a yellow
draconian shifter and a purple draconian annihilator.

Vanquished Creatures
  the Royal Jelly (Slime:5)
  An orb of fire (Zot:1)
  A juggernaut (Depths:2)
  Mara (Spider:3)
  The ghost of Diteuwen the Imperceptible, a veteran NaWz of Cheibriados (Depths:2)
  Boris (Vaults:5)
  The ghost of Arang the Slayer, a veteran HOFi of Okawaru (Elf:3)
  Frederick (Crypt:1)
  Bai Suzhen (Crypt:2)
  A Killer Klown (Zot:3)
  Xtahua (Crypt:2)
  5 caustic shrikes
  7 golden dragons
  A profane servitor (Crypt:3)
  Nikola (Swamp:3)
  3 bone dragons
  A hellephant (Depths:1)
  Arachne (Spider:4)
  An electric golem (Zot:1)
  11 liches
  10 tentacled monstrosities
  A moon troll (WizLab)
  2 deep elf blademasters (Elf:3)
  6 titans
  A deep elf master archer (Elf:3)
  4 quicksilver dragons
  Gastronok (D:8)
  13 acid blobs
  The ghost of gouglew the Wallflower, an adept HOFi of Uskayaw (Depths:2)
  Kirke (Swamp:2)
  5 death cobs
  6 sphinxes
  10 tentacled starspawn
  9 tengu reavers
  7 storm dragons
  A thorn hunter (Swamp:3)
  Donald (Swamp:1)
  7 shadow dragons
  9 azure jellies
  12 fire giants
  3 draconian monks
  2 balrugs
  3 draconian scorchers (Zot:3)
  19 vault wardens
  4 draconian knights
  17 frost giants
  3 iron dragons (Vaults:5)
  9 deep elf sorcerers
  2 orc warlords
  5 draconian shifters
  2 cacodemons
  5 deep elf elementalists
  Aizul (Depths:2)
  25 ghouls
  7 ghost moths
  Louise (Swamp:2)
  2 curse skulls (Crypt:3)
  5 emperor scorpions
  24 very ugly things
  3 war gargoyles
  6 spriggan defenders
  A draconian stormcaller (Zot:2)
  25 stone giants
  16 ironheart preservers
  6 entropy weavers
  4 draconian annihilators
  4 vampire knights
  5 green draconians
  Nessos (Lair:4)
  5 deep elf demonologists
  6 deep elf annihilators
  4 red draconians
  6 yellow draconians
  A white draconian (Zot:2)
  9 purple draconians
  5 black draconians
  13 spark wasps
  8 ettins
  2 quicksilver dragon zombies
  6 eidola (Crypt:3)
  Snorg (D:10)
  A mummy priest (Crypt:3)
  A blizzard demon (Depths:3)
  Josephine (D:10)
  10 death oozes
  8 deep elf death magi
  An ettin (shapeshifter) (D:15)
  10 yaktaur captains
  10 fire dragons
  2 jiangshi (Crypt:1)
  15 great orbs of eyes
  4 deep elf high priests
  Harold (D:7)
  14 ice dragons
  The ghost of Sassenached the Carver, a journeyman DsAK of Lugonu (Lair:3)
  26 hydras
  6 rakshasas
  A catoblepas (D:13)
  33 vault guards
  5 ghost crabs (Swamp:1)
  4 spriggan air magi
  2 shambling mangroves
  A two-headed ogre (shapeshifter) (Depths:3)
  5 centaur warriors
  A queen ant (Spider:1)
  7 death knights
  14 alligators
  4 death yaks (Lair:6)
  6 deep troll shamans
  64 two-headed ogres
  Urug (Lair:4)
  4 vampire magi
  20 ogre magi
  A tengu warrior (Depths:3)
  15 deep troll earth magi
  6 spriggan berserkers
  2 titan zombies (Crypt:3)
  31 deep elf knights
  4 large abominations (Abyss:3)
  5 soul eaters
  A storm dragon zombie (Crypt:2)
  A fire crab (shapeshifter) (D:15)
  23 skeletal warriors
  6 spriggans
  An iron golem (Depths:1)
  9 shadow wraiths
  A wretched star (WizLab)
  A fire crab (Lair:6)
  4 sun demons (Depths:1)
  3 iron trolls (Zot:2)
  A sixfirhy (Depths:3)
  An anaconda zombie (Crypt:3)
  5 glowing orange brains
  9 swamp dragons
  43 deep trolls
  4 unseen horrors
  23 deep elf archers
  6 spriggan druids
  2 unseen horrors (shapeshifter)
  4 wizards
  10 flayed ghosts
  An orange crystal statue (WizLab)
  A glowing orange brain (shapeshifter) (Vaults:1)
  A lindwurm (shapeshifter) (Vaults:3)
  27 phantasmal warriors
  A sphinx zombie (Crypt:2)
  Pikel (D:6)
  15 orc knights
  2 wolf spider zombies (Crypt:3)
  82 deep elf magi
  23 orb spiders
  20 ironbrand convokers
  2 iron dragon zombies (Crypt:3)
  55 ugly things
  3 necromancers
  A fire giant zombie (Crypt:3)
  A harpy (shapeshifter) (Depths:3)
  3 manticores
  27 wolf spiders
  6 harpies
  6 cyclopes
  3 orc sorcerers
  A frost giant zombie (Crypt:2)
  2 fauns (shapeshifter)
  An oklob plant (Lair:5)
  A salamander (shapeshifter) (Vaults:5)
  2 shining eyes (Slime:4)
  A cyclops (shapeshifter) (Vaults:2)
  17 moths of wrath
  A salamander (D:15)
  A dire elephant zombie (Crypt:3)
  An ice statue (IceCv)
  6 elephants (Lair:4)
  Joseph (D:7)
  3 apocalypse crabs (Swamp:1)
  8 rust devils
  5 black mambas
  15 vault sentinels
  3 torpor snails
  A smoke demon (Abyss:3)
  6 eyes of devastation
  2 molten gargoyles (Lair:6)
  2 rime drakes (shapeshifter)
  A black draconian zombie (Crypt:1)
  9 spiny frogs
  A red draconian zombie (Crypt:1)
  14 komodo dragons
  4 rime drakes
  16 demonic crawlers
  A gargoyle (D:13)
  28 yaktaurs
  A tormentor (Abyss:3)
  12 freezing wraiths
  2 efreet
  2 guardian mummies (Crypt:3)
  2 tengu conjurers (Depths:5)
  2 ancient zymes (Abyss:3)
  A catoblepas skeleton (Crypt:2)
  2 hellwings
  A golden dragon simulacrum (Crypt:2)
  2 meliai (shapeshifter)
  27 jumping spiders
  3 meliai (D:14)
  2 polar bears (shapeshifter)
  13 polar bears (IceCv)
  A wolf spider simulacrum (Vaults:1)
  A hydra zombie (Crypt:3)
  4 trolls
  8 tyrant leeches
  Prince Ribbit (D:6)
  159 slime creatures
  8 blink frogs
  Grinder (D:6)
  3 fire dragon zombies
  22 hornets
  A raiju (shapeshifter) (Vaults:5)
  A hippogriff (shapeshifter) (Depths:3)
  An ettin zombie (Crypt:1)
  A hornet (shapeshifter) (Depths:4)
  5 hippogriffs
  9 bog bodies
  A harpy skeleton (Crypt:1)
  A raiju (Abyss:3)
  A wind drake (shapeshifter) (Depths:3)
  An ice dragon zombie (Crypt:3)
  A snapping turtle (shapeshifter) (Depths:4)
  An alligator zombie (Crypt:3)
  5 flying skulls (Crypt:1)
  7 shadows
  A centaur simulacrum (D:15)
  A redback (shapeshifter) (Vaults:5)
  6 water elementals
  7 small abominations (Abyss:3)
  48 tarantellas
  3 fire elementals
  12 wraiths
  A hog (Swamp:2)
  60 yaks
  2 fire dragon skeletons
  Eustachio (D:6)
  84 redbacks
  7 wyverns
  6 hungry ghosts
  4 fire bats (Elf:2)
  14 golden eyes
  2 basilisks
  2 steam dragons (Lair:6)
  A human simulacrum (Vaults:3)
  2 neqoxecs (WizLab)
  14 vampire mosquitoes
  Menkaure (D:4)
  5 wargs
  A soldier ant (shapeshifter) (Elf:1)
  18 swamp worms
  10 insubstantial wisps
  Edmund (D:4)
  4 hell hounds (Lair:6)
  11 soldier ants
  2 acid dragons
  5 porcupines
  10 water moccasins
  A floating eye (shapeshifter) (Vaults:2)
  13 swamp drakes
  39 orc warriors
  An ettin simulacrum (Vaults:3)
  2 ice beasts
  A manticore zombie (Crypt:3)
  A black bear (shapeshifter) (Depths:3)
  29 starcursed masses
  25 necrophages
  5 phantoms
  2 hornet zombies
  2 sky beasts
  3 eyes of draining
  2 black bears (D:8)
  A dream sheep zombie (Crypt:2)
  62 ogres
  5 boggarts
  A lindwurm skeleton (Crypt:2)
  A snapping turtle skeleton (Crypt:1)
  A crocodile (shapeshifter) (Depths:3)
  11 wolves
  16 centaurs
  11 crocodiles
  13 bullfrogs
  2 big kobolds
  3 earth elementals
  A deep troll simulacrum (Vaults:3)
  7 wyvern skeletons
  A wyvern zombie (D:9)
  A scorpion (shapeshifter) (Depths:2)
  2 scorpions
  A warg skeleton (Crypt:1)
  6 killer bees
  22 wights
  5 howler monkeys
  A polar bear skeleton (Crypt:1)
  2 electric eels
  9 crimson imps
  A quasit (Abyss:3)
  4 lava snakes (Lair:6)
  A wyvern simulacrum (D:11)
  4 centaur zombies
  4 hounds
  2 yaktaur simulacra
  8 jellies
  Crazy Yiuf (D:7)
  A gnoll shaman (D:5)
  12 orc priests
  7 centaur skeletons
  18 orc wizards
  2 bullfrog skeletons (D:4)
  3 iguanas
  31 worker ants
  7 hell rats (Lair:3)
  A hound skeleton (D:6)
  A mummy (Crypt:3)
  2 howler monkey zombies
  6 gnolls
  A howler monkey skeleton (D:5)
  18 adders
  A shadow imp (D:12)
  13 white imps
  3 ufetubi (Abyss:3)
  An ooze (D:3)
  An adder skeleton (D:5)
  2 adder zombies
  A lava snake skeleton (Crypt:2)
  4 worms
  3 dart slugs (D:1)
  5 leopard geckos
  118 orcs
  A giant cockroach (shapeshifter) (D:13)
  7 giant cockroaches
  8 goblins
  12 hobgoblins
  10 jackals
  3 quokkas
  A ball python (D:5)
  9 bats
  5 frilled lizards
  A giant cockroach zombie (D:5)
  26 kobolds
  A leopard gecko skeleton (D:5)
  A quokka skeleton (D:5)
  A quokka zombie (D:9)
  15 rats
  A bush (Lair:5)
  2 plants
  8 starspawn tentacles (WizLab)
  4 withered plants (Crypt:3)
2741 creatures vanquished.

Vanquished Creatures (others)
  A deep elf master archer (Elf:3)
  An ironheart preserver (Vaults:3)
  A war gargoyle (Depths:1)
  A purple draconian (Zot:2)
  An ice dragon (Depths:3)
  A centaur warrior (Vaults:3)
  A death yak (IceCv)
  19 dancing weapons
  2 deep elf archers
  5 yaktaurs
  2 polar bears (IceCv)
  A redback (Spider:3)
  A tarantella (Spider:4)
  A wraith (Crypt:2)
  3 yaks (IceCv)
  2 humans (Swamp:2)
  A swamp drake (Swamp:1)
  A slave (D:7)
  2 ogres (Zot:2)
  3 wolves
  A wight (Crypt:1)
  A centaur skeleton (Hell)
  2 orcs
  2 demonic plants (WizLab)
  3 fungi (Lair:3)
  A plant (Lair:3)
  32 starspawn tentacles (WizLab)
  A withered plant (Crypt:3)
93 creatures vanquished.

Grand Total: 2834 creatures vanquished

Notes
Turn   | Place    | Note
-------+----------+-------------------------------------------
     0 | D:1      | Peloso the Minotaur Fighter began the quest for the Orb.
     0 | D:1      | Reached XP level 1. HP: 19/19 MP: 0/0
    23 | D:1      | Reached XP level 2. HP: 26/27 MP: 1/1
   240 | D:1      | Reached XP level 3. HP: 32/33 MP: 2/2
   852 | D:2      | Reached XP level 4. HP: 24/40 MP: 3/3
   889 | D:2      | HP: 2/40 [hobgoblin/+0 club (2)]
  1380 | D:2      | Found a glowing golden altar of the Shining One.
  1397 | D:2      | Found a shadowy altar of Dithmenos.
  1577 | D:2      | Reached skill level 1 in Dodging
  1577 | D:2      | Reached skill level 5 in Shields
  1577 | D:2      | Reached XP level 5. HP: 40/47 MP: 4/4
  1812 | D:3      | Reached skill level 5 in Armour
  1845 | D:3      | Reached XP level 6. HP: 46/53 MP: 5/5
  2144 | D:4      | Noticed Edmund
  2163 | D:4      | Killed Edmund
  2187 | D:4      | Found a staircase to the Ecumenical Temple.
  2226 | Temple   | Entered the Ecumenical Temple
  2341 | D:4      | Reached skill level 5 in Long Blades
  2517 | D:4      | HP: 2/53 [poisoned by an orc]
  2792 | D:4      | Reached XP level 7. HP: 39/60 MP: 6/6
  2882 | D:4      | Found an opulent altar of Gozag.
  2930 | D:4      | Became a worshipper of Gozag Ym Sagoz the Greedy
  3246 | D:4      | Noticed Menkaure
  3253 | D:4      | Killed Menkaure
  3253 | D:4      | Reached skill level 5 in Fighting
  3415 | D:4      | Found a bloodstained altar of Trog.
  3444 | D:4      | Found a shimmering blue altar of Sif Muna.
  3500 | D:5      | Entered Level 5 of the Dungeon
  3504 | D:5      | Found an ancient bone altar of Kikubaaqudgha.
  3650 | D:4      | Found an ornate altar of the Wu Jian Council.
  3842 | D:5      | Reached XP level 8. HP: 52/68 MP: 7/7
  4544 | D:6      | Noticed Grinder
  4652 | D:6      | Paralysed by Grinder for 3 turns
  4659 | D:6      | Paralysed by Grinder for 7 turns
  4670 | D:6      | Killed Grinder
  5347 | D:6      | Noticed Prince Ribbit
  5350 | D:6      | Found a radiant altar of Vehumet.
  5419 | D:6      | Reached XP level 9. HP: 64/75 MP: 8/8
  5537 | D:6      | Noticed Eustachio
  5572 | D:6      | Killed Eustachio
  6436 | D:6      | Killed Prince Ribbit
  6536 | D:7      | Noticed Pikel
  6569 | D:6      | Killed Pikel
  6569 | D:6      | Reached skill level 10 in Long Blades
  6697 | D:7      | Noticed Joseph
  6717 | D:7      | Killed Joseph
  7053 | D:7      | Noticed Harold
  7070 | D:7      | Killed Harold
  7070 | D:7      | Reached XP level 10. HP: 25/88 MP: 9/9
  7687 | D:7      | Found a runed translucent door.
  7688 | D:7      | Noticed Crazy Yiuf
  7696 | D:7      | Killed Crazy Yiuf
  7970 | D:8      | Found an ancient bone altar of Kikubaaqudgha.
  7970 | D:8      | Found a shattered altar of Ashenzari.
  8263 | D:8      | Noticed a two-headed ogre
  8270 | D:8      | Killed a two-headed ogre
  8270 | D:8      | Reached skill level 1 in Stealth
  8335 | D:8      | Noticed Gastronok
  8356 | D:8      | Killed Gastronok
  8356 | D:8      | Reached skill level 10 in Shields
  8356 | D:8      | Reached skill level 1 in Evocations
  8356 | D:8      | Reached XP level 11. HP: 92/97 MP: 9/11
  8993 | D:9      | Got a shimmering chain mail
  8999 | D:9      | Identified the cursed +0 chain mail "Ykhigh" {rF+ rCorr}
                  | (You found it on level 9 of the Dungeon)
  9498 | D:9      | Identified a scroll of acquirement
  9515 | D:10     | Entered Level 10 of the Dungeon
  9532 | D:10     | Noticed Snorg
  9554 | D:10     | Killed Snorg
  9554 | D:10     | Reached skill level 10 in Armour
  9820 | D:10     | Noticed Josephine
  9848 | D:10     | Killed Josephine
 10609 | D:10     | Found a staircase to the Lair.
 10638 | Lair:1   | Entered Level 1 of the Lair of Beasts
 10680 | Lair:1   | Found a frozen archway.
 10739 | IceCv    | Entered an ice cave
 11122 | IceCv    | Found the amulet of Vitality {Regen+ HP+15}
 11587 | IceCv    | Reached skill level 10 in Fighting
 11806 | IceCv    | Reached XP level 12. HP: 69/106 MP: 12/12
 12033 | IceCv    | Noticed a frost giant
 12033 | IceCv    | Noticed a death yak
 12060 | IceCv    | Killed a death yak
 12068 | IceCv    | Killed a frost giant
 12628 | Lair:1   | You fall into a shaft and drop 1 floor!
 13880 | Lair:2   | Found a hole to the Spider Nest.
 13936 | Lair:2   | Reached skill level 5 in Dodging
 15263 | Lair:3   | Found a runed translucent gate.
 15268 | Lair:3   | Found a runed translucent gate.
 15270 | Lair:3   | Found a runed translucent gate.
 15271 | Lair:3   | Noticed a death ooze
 15272 | Lair:3   | Found a viscous altar of Jiyva.
 15272 | Lair:3   | Noticed Sassenached's ghost (journeyman DsAK)
 15549 | Lair:3   | Reached XP level 13. HP: 116/116 MP: 13/13
 16035 | Lair:3   | Reached skill level 1 in Maces & Flails
 16396 | Lair:3   | Found a staircase to the Swamp.
 16836 | D:11     | Found a portal to a secret trove of treasure.
 16947 | D:11     | Got a scorched double sword
 16948 | D:11     | Identified the +7 double sword "Nebogh" {venom, *Slow rPois
                  | rC- SInv} (You acquired it on level 11 of the Dungeon)
 17205 | D:11     | Found a staircase to the Orcish Mines.
 17395 | D:11     | Bought a slimy falchion for 192 gold pieces
 17397 | D:11     | Identified the +3 falchion "Pusukk" {flame, rPois rF+} (You
                  | bought it in a shop on level 11 of the Dungeon)
 17418 | D:11     | Bought an ancient long sword for 204 gold pieces
 17421 | D:11     | Identified the +5 long sword of Glory {venom, *Noise +Fly
                  | MP+9 Int+4} (You bought it in a shop on level 11 of the
                  | Dungeon)
 17561 | D:12     | Reached skill level 15 in Long Blades
 18124 | D:12     | Got a sapphire-encrusted chain mail
 18136 | D:12     | Identified the +1 chain mail of Liberty {Dex+4} (You found
                  | it on level 12 of the Dungeon)
 18507 | Lair:4   | Noticed Urug
 18522 | Lair:4   | Killed Urug
 18654 | Lair:4   | Noticed Nessos
 18665 | Lair:4   | Killed Nessos
 18665 | Lair:4   | Reached XP level 14. HP: 108/126 MP: 14/14
 19288 | Lair:5   | Found a staircase to the Slime Pits.
 19484 | Lair:5   | You fall into a shaft and drop 1 floor!
 19484 | Lair:6   | Entered Level 6 of the Lair of Beasts
 19838 | Lair:6   | Found a large runed translucent door.
 19838 | Lair:6   | Found a large runed translucent door.
 20464 | Lair:5   | Got a polished short sword
 20465 | Lair:5   | Identified the cursed +1 short sword of Slime {venom, rElec
                  | rPois rC++ Str-5} (You found it on level 5 of the Lair of
                  | Beasts)
 21057 | Lair:3   | Reached skill level 15 in Shields
 21073 | Lair:3   | Killed Sassenached's ghost
 21603 | Orc:1    | Entered Level 1 of the Orcish Mines
 21675 | Orc:2    | Entered Level 2 of the Orcish Mines
 22185 | Orc:1    | Reached XP level 15. HP: 138/138 MP: 15/15
 22305 | Orc:2    | Found Tuomiawn's Assorted Antiques.
 22313 | Orc:2    | Found Luczuh's Magic Scroll Emporium.
 22313 | Orc:2    | Found Irempyg's Armour Shop.
 22313 | Orc:2    | Found Fumuyby's Book Emporium.
 22325 | Orc:2    | Bought 3 scrolls of enchant armour for 337 gold pieces
 22357 | Orc:2    | Noticed an orc warlord
 22398 | Orc:2    | Killed an orc warlord
 22471 | Orc:2    | Found a staircase to the Elven Halls.
 22522 | Orc:2    | Found Tarhuown's Distillery.
 22530 | Orc:2    | Bought a potion of berserk rage for 90 gold pieces
 22568 | Orc:2    | Found Iruokeon's Assorted Antiques.
 22616 | Orc:2    | Bought a scroll labeled EZXEXEMOMI for 26 gold pieces
 22877 | Orc:2    | Bought a scroll of identify for 30 gold pieces
 22877 | Orc:2    | Bought a scroll of identify for 30 gold pieces
 22877 | Orc:2    | Bought a scroll of identify for 30 gold pieces
 22877 | Orc:2    | Bought a scroll of fear for 52 gold pieces
 22877 | Orc:2    | Bought a scroll of fear for 52 gold pieces
 23157 | Orc:1    | Noticed an orc warlord
 23371 | Orc:1    | Killed an orc warlord
 23589 | D:11     | Bought the +9 scales of the Dragon King {rPois rF+ rC+ MR+}
                  | for 1747 gold pieces
 23589 | D:11     | Found the +9 scales of the Dragon King {rPois rF+ rC+ MR+}
 23758 | D:13     | Found a flagged portal.
 23767 | Bailey   | Entered a bailey
 24484 | D:13     | Reached skill level 15 in Fighting
 24767 | D:13     | Found a gate to the Vaults.
 25775 | D:15     | Entered Level 15 of the Dungeon
 25954 | D:15     | Found a blossoming altar of Fedhas.
 26055 | D:15     | Reached XP level 16. HP: 149/149 MP: 16/16
 26297 | D:15     | Found a staircase to the Depths.
 26852 | Swamp:1  | Entered Level 1 of the Swamp
 27052 | Swamp:1  | Reached skill level 15 in Armour
 27064 | Swamp:1  | Found a runed translucent door.
 27268 | Swamp:1  | Noticed Donald
 27838 | Swamp:1  | Killed Donald
 28341 | Swamp:1  | Found the +2 robe of Vines {NoPotionHeal Regen+7}
 28498 | Swamp:2  | Noticed Kirke
 28514 | Swamp:2  | Killed Kirke
 28851 | Swamp:2  | Noticed Louise
 28900 | Swamp:2  | Killed Louise
 29922 | Swamp:3  | Reached XP level 17. HP: 160/160 MP: 17/17
 29937 | Swamp:3  | Noticed Nikola
 29953 | Swamp:3  | Killed Nikola
 30639 | Swamp:4  | Entered Level 4 of the Swamp
 30908 | Swamp:4  | HP: 8/175 [three-headed hydra[a spriggan druid] (4)]
 31612 | Swamp:4  | Got a decaying rune of Zot
 32310 | Spider:1 | Entered Level 1 of the Spider Nest
 34106 | D:11     | Bought a crystal long sword for 280 gold pieces
 34109 | D:11     | Identified the +7 long sword "Wovakh" {slice, rElec Str+3}
                  | (You bought it in a shop on level 11 of the Dungeon)
 35218 | Spider:2 | Reached XP level 18. HP: 170/170 MP: 18/18
 35620 | Spider:3 | Noticed Mara
 35637 | Spider:3 | Killed Mara
 36697 | D:11     | Bought the -2 hat of the Alchemist {rElec rPois rF+ rC+ rN+
                  | MR+ rMut rCorr} for 1935 gold pieces
 36697 | D:11     | Found the -2 hat of the Alchemist {rElec rPois rF+ rC+ rN+
                  | MR+ rMut rCorr}
 36848 | Spider:4 | Entered Level 4 of the Spider Nest
 37148 | Spider:4 | Got an ancient trident
 37149 | Spider:4 | Identified the +5 trident of the Known World {pierce, *Slow
                  | rF+++} (You found it on level 4 of the Spider Nest)
 37462 | Spider:4 | Noticed Arachne
 37497 | Spider:4 | Killed Arachne
 37944 | Spider:4 | Got a gossamer rune of Zot
 38250 | Spider:4 | Identified the Almanac of Vitriolic Ice
 38666 | Elf:1    | Entered Level 1 of the Elven Halls
 39061 | Elf:1    | Identified Hyrghegho's Guide on Combat Magic
 39135 | Elf:1    | Reached XP level 19. HP: 165/180 MP: 19/19
 39691 | Elf:2    | Found Guibb's Elven Fire.
 39775 | Elf:2    | Cast into level 3 of the Abyss (+3 dire flail of
                  | distortion)
 39962 | Abyss:3  | HP: 3/196 [disintegration (9)]
 39987 | Abyss:3  | Found a corrupted altar of Lugonu.
 40030 | Abyss:3  | Paralysed by accursed screaming for 1 turns
 40081 | Abyss:3  | Noticed a bone dragon
 40092 | Abyss:3  | Killed a bone dragon
 40448 | Elf:2    | Escaped the Abyss
 40902 | Elf:2    | Found a runed translucent gate.
 40904 | Elf:2    | Found a runed translucent gate.
 40907 | Elf:2    | Found a runed translucent gate.
 41019 | Elf:3    | Entered Level 3 of the Elven Halls
 41029 | Elf:3    | Found a runed translucent door.
 41029 | Elf:3    | Noticed Arang's ghost (veteran HOFi)
 41160 | Elf:3    | Killed Arang's ghost
 41735 | Elf:3    | Identified the ring of the Cockroach {*Tele rPois Dex+6}
 41969 | Elf:3    | Identified the amulet of Disaster {+Blink rPois rF+ Regen+
                  | MP-9}
 41971 | Elf:3    | Identified the +7 dagger "Resige" {flame, Str-4 Int+5
                  | Dex+5}
 41978 | Elf:3    | Identified the cursed +0 leather armour of Patience {-Tele
                  | rC+++ Int-2 Slay+5}
 41993 | Elf:3    | Noticed a Brimstone Fiend
 42577 | Elf:3    | Reached XP level 20. HP: 181/193 MP: 20/20
 42610 | Elf:3    | Identified the Volume of Torrid Companions
 43737 | Lair:1   | Reached skill level 1 in Crossbows
 43737 | Lair:1   | Reached skill level 1 in Throwing
 43737 | Lair:1   | Reached skill level 1 in Unarmed Combat
 43737 | Lair:1   | Reached XP level 21. HP: 200/200 MP: 21/21
 44636 | Vaults:1 | Entered Level 1 of the Vaults
 45041 | Vaults:1 | Found Enworesi's General Store.
 45049 | Vaults:1 | Bought a scroll of enchant armour for 112 gold pieces
 45049 | Vaults:1 | Bought a scroll of blinking for 112 gold pieces
 47102 | Vaults:2 | Reached XP level 22. HP: 196/211 MP: 22/22
 47290 | Vaults:2 | Paralysed by a floating eye for 2 turns
 48343 | Vaults:3 | Found a staircase to the Crypt.
 49420 | Vaults:4 | Reached skill level 5 in Stealth
 50564 | Vaults:4 | Reached XP level 23. HP: 222/222 MP: 23/23
 50919 | Vaults:5 | Entered Level 5 of the Vaults
 51490 | Vaults:5 | Got a silver rune of Zot
 51518 | Vaults:5 | Noticed Boris
 51698 | Vaults:5 | Killed Boris
 51714 | Vaults:5 | Got a twitching granite ring
 51745 | Vaults:5 | Found the +18 shield of the Gong {rElec rN+ MR+ EV-5}
 52658 | Vaults:5 | Identified the Reference Book on Dark Rituals
 53168 | Vaults:5 | Reached XP level 24. HP: 234/234 MP: 23/23
 53620 | Vaults:5 | Identified the ring "Beuhosh" {+Fly rF++} (You found it on
                  | level 5 of the Vaults)
 54147 | Depths:1 | Entered Level 1 of the Depths
 54316 | Depths:1 | Found a gateway to Hell.
 54433 | Depths:1 | Found a magical portal.
 54654 | WizLab   | Paralysed by accursed screaming for 2 turns
 54666 | WizLab   | Paralysed by accursed screaming for 2 turns
 54898 | WizLab   | Paralysed by accursed screaming for 1 turns
 55093 | WizLab   | Got an ancient bone ring
 55094 | WizLab   | Identified the ring "Rineur" {rPois rC+ Int+3} (You found
                  | it in a wizard's laboratory)
 55127 | WizLab   | Found a transporter.
 55491 | WizLab   | Found a transporter.
 55976 | WizLab   | Got a jewelled rapier
 55977 | WizLab   | Identified the +8 rapier of the Gloaming {pain, Int+8} (You
                  | found it in a wizard's laboratory)
 56007 | WizLab   | Identified Lehudib's Papyrus of the Displaced Mountains
 57273 | Depths:2 | Found a one-way gate to the infinite horrors of the Abyss.
 57275 | Depths:2 | You fall into a shaft and drop 2 floors!
 57763 | Depths:4 | Reached skill level 27 in Shields
 57771 | Depths:4 | Reached XP level 25. HP: 245/245 MP: 23/23
 57808 | Depths:4 | Got a flickering tin ring
 57810 | Depths:4 | Identified the ring of Seniet {rF+ rC+ EV+5} (You found it
                  | on level 4 of the Depths)
 59124 | Depths:2 | Found a one-way gate leading to the halls of Pandemonium.
 59230 | Depths:2 | Noticed Aizul
 59237 | Depths:2 | Killed Aizul
 59415 | Depths:2 | Noticed a juggernaut
 59438 | Depths:2 | Killed a juggernaut
 59467 | Depths:2 | Got an ancient morningstar
 59468 | Depths:2 | Identified the +3 morningstar "Mih Leb Nia" {antimagic,
                  | *Contam Str+7 Int-2 Stlth+} (You found it on level 2 of the
                  | Depths)
 59484 | Depths:2 | Got a translucent brass amulet
 59485 | Depths:2 | Identified the amulet "Koujeic" {Harm *Drain rF+ MR- Int+6
                  | SInv} (You found it on level 2 of the Depths)
 59488 | Depths:2 | Got a translucent hand crossbow
 59489 | Depths:2 | Identified the +2 hand crossbow of Cheibriados's Fury
                  | {freeze, Fragile rC+ Str+4} (You found it on level 2 of the
                  | Depths)
 59720 | Depths:2 | Found a runed translucent gate.
 59720 | Depths:2 | Found a runed translucent gate.
 59720 | Depths:2 | Found a runed translucent gate.
 59725 | Depths:2 | Noticed Diteuwen's ghost (veteran NaWz)
 59725 | Depths:2 | Noticed gouglew's ghost (adept HOFi)
 59754 | Depths:2 | Identified the Reference Book on Blistering Intoxication
 60054 | Depths:2 | Killed gouglew's ghost
 60079 | Depths:2 | Killed Diteuwen's ghost
 60363 | Depths:3 | Got a warped hunting sling
 60364 | Depths:3 | Identified the +4 hunting sling "Zenas Usaot" {freeze, rF-
                  | MR+ Str+3 Int+2} (You found it on level 3 of the Depths)
 60745 | Depths:3 | Reached XP level 26. HP: 259/259 MP: 23/23
 60825 | Depths:3 | Found a shimmering altar of Xom.
 61043 | Depths:3 | Got a vibrating lead ring
 61703 | Depths:5 | Entered Level 5 of the Depths
 62143 | Depths:5 | Found a gateway to a ziggurat.
 62201 | Depths:5 | Found a gate to the Realm of Zot.
 63037 | Lair:1   | Identified the ring "Suat" {+Inv rF+ Int+2 Dex-3 SInv} (You
                  | found it on level 3 of the Depths)
 63307 | Slime:1  | Entered Level 1 of the Pits of Slime
 63847 | Slime:5  | Entered Level 5 of the Pits of Slime
 65006 | Slime:5  | Noticed the Royal Jelly
 65018 | Slime:5  | Killed the Royal Jelly
 65076 | Slime:5  | Got a fine wooden ring
 65077 | Slime:5  | Identified the ring of Trog's Favour {*Drain Str+2 Int+7
                  | SInv} (You found it on level 5 of the Pits of Slime)
 65103 | Slime:5  | Got a smoking amethyst amulet
 65104 | Slime:5  | Identified the amulet of Hepliaklqana's Hope {+Rage rElec
                  | rPois MP+9 Str-2 Dex+2} (You found it on level 5 of the
                  | Pits of Slime)
 65148 | Slime:5  | Identified the Handbook of Ashen Air
 65198 | Slime:5  | Got a slimy rune of Zot
 65789 | D:11     | Bought a slimy falchion for 256 gold pieces
 65793 | D:11     | Identified the +9 falchion "Humorche" {antimagic, -Tele
                  | +Rage MR++ Int+5} (You bought it in a shop on level 11 of
                  | the Dungeon)
 66181 | Crypt:1  | Entered Level 1 of the Crypt
 66293 | Crypt:1  | Got a jewelled hand crossbow
 66294 | Crypt:1  | Identified the +7 hand crossbow "Kikhiv" {venom, Dex+10}
                  | (You found it on level 1 of the Crypt)
 66339 | Crypt:1  | Noticed Frederick
 66347 | Crypt:1  | Killed Frederick
 66720 | Crypt:1  | Found a radiant altar of Vehumet.
 66724 | Crypt:1  | Found a transporter.
 67260 | Crypt:2  | Reached XP level 27. HP: 271/271 MP: 23/23
 67309 | Crypt:2  | Reached skill level 27 in Fighting
 67335 | Crypt:2  | Reached skill level 27 in Long Blades
 67643 | Crypt:2  | Noticed Bai Suzhen
 67647 | Crypt:2  | Noticed Xtahua
 67650 | Crypt:2  | Killed Bai Suzhen
 67659 | Crypt:2  | Killed Xtahua
 68142 | Crypt:3  | Entered Level 3 of the Crypt
 68186 | Crypt:3  | Found the +5 scythe "Finisher" {speed, eviscerate}
 68507 | Crypt:3  | Found a basalt altar of Yredelemnul.
 69520 | Crypt:3  | Found a staircase to the Tomb.
 70080 | Crypt:3  | Got a scorched cloak
 70091 | Crypt:3  | Identified the cursed +0 cloak "Jyelag" {+Inv rPois rC-
                  | Int+4} (You found it on level 3 of the Crypt)
 70552 | Hell     | Entered the Vestibule of Hell
 70552 | Hell     | Noticed Geryon
 72171 | Zot:1    | Entered Level 1 of the Realm of Zot
 72254 | Zot:1    | Noticed an orb of fire
 72278 | Zot:1    | Killed an orb of fire
 72797 | Zot:1    | Got a slimy plate armour
 72798 | Zot:1    | Identified the +4 plate armour of the Arcane {+Fly rCorr
                  | Int+7} (You found it on level 1 of the Realm of Zot)
 74482 | Temple   | Fell from the grace of Gozag
 74482 | Temple   | Became a worshipper of Warmaster Okawaru
 75116 | D:11     | You paid a toll of +3 gold dragon scales to enter a
                  | treasure trove
 75117 | Trove    | Entered a treasure trove
 75816 | Zot:2    | Reached * piety under Okawaru
 75917 | Zot:2    | Reached ** piety under Okawaru
 76803 | Zot:2    | Reached *** piety under Okawaru
 76803 | Zot:2    | Reached skill level 27 in Armour
 76803 | Zot:2    | Reached skill level 1 in Invocations
 77070 | Zot:2    | Reached skill level 10 in Stealth
 77286 | Zot:3    | Reached **** piety under Okawaru
 77718 | Zot:3    | Reached ***** piety under Okawaru
 77745 | Zot:3    | Reached skill level 5 in Invocations
 77749 | Zot:3    | Killed from afar by a purple draconian annihilator

Levels and vault maps discovered:
D:1:      erik_arrival_orb_chamber, layout_basic, minmay_misc_feat_x,
          grunt_decor_resistance, hangedman_abyss_or_decor_stabs,
          minmay_box_of_dots
D:2:      layout_rooms, minitemple, first_ration, chequers_mini_garden,
          minmay_misc_feat_square
D:3:      layout_rooms, kennysheep_generic_room_6
D:4:      lemuel_upstairs_altar, layout_cave_pods, lemuel_blue_sif_altar,
          bloody_trog, nicolae_gozag_cash_rules_everything_around_me,
          temple_doors_e, uniq_edmund, uniq_menkaure
D:5:      layout_loops_corners, basic_altar, grunt_decor_one_mirror
D:6:      layout_layer_cave, nicolae_overflow_crystal_walls,
          uniq_prince_ribbit1, uniq_eustachio, uniq_grinder
D:7:      layout_basic, uniq_harold, uniq_pikel, uniq_crazy_yiuf_cottage,
          uniq_joseph
D:8:      layout_loops_ring, gammafunk_temple_overflow_elements, uniq_gastronok
D:9:      layout_long_grid
D:10:     layout_loops_ring, lair_entry_dummy, uniq_josephine, uniq_snorg
D:11:     layout_gridville, orc_0_dummy, enter_trove_1
D:12:     layout_roguey, hangedman_pestilent_swarm, billiards_dpeg
D:13:     layout_loops_ring, skrybe_vaults_entry_preservation, enter_bailey_6
D:14:     layout_long_grid, bh_walls_and_bars
D:15:     hangedman_depths_entry_try_elsewhere_first, layout_rooms, basic_altar,
          nrook_uturn
Temple:   eino_temple_lava
Lair:1:   layout_big_grid, portal_ice_cave_entry_imps, lemuel_fruit_fields
Lair:2:   layout_hall_layers, nicolae_spider_entry_tight_spaces
Lair:3:   layout_chaotic_city, palyth_hydra_swamp_entry, gammafunk_ghost_ooze,
          st_stairs_11, minivault_23, chequers_serial_rivers_micro_a,
          beast_lair_carwin_11, grunt_megastairs_1
Lair:4:   layout_misc_corridors, st_stairs_11, lemuel_fruit_fields, uniq_urug,
          uniq_nessos
Lair:5:   layout_gridlike, minmay_slime_entry_oklob_enclosed
Lair:6:   cheibrodos_lair_end_hotspot, layout_cave_pods, lemuel_fruit_fields
Swamp:1:  gammafunk_mikee_crab_dinner, layout_basic_swamp,
          evilmike_swamp_ruin_house_1, roderic_carrion_pond, uniq_donald
Swamp:2:  layout_basic_swamp, evilmike_swamp_ruin_rubble_1, uniq_louise,
          uniq_kirke
Swamp:3:  layout_falls_marsh, evilmike_swamp_ruin_house_3, uniq_nikola
Swamp:4:  swamp, layout_basic_swamp
Spider:1: cheibrodos_forgotten_conduit, drop_trap, minmay_another_anthill
Spider:2: layout_spider_delve
Spider:3: layout_spider_delve, drop_trap, uniq_mara
Spider:4: johnstein_spider_rune_arachne_lair
Slime:1:  layout_caves
Slime:2:  layout_caves
Slime:3:  layout_caves, cheibrodos_slime_lost_civilization_6
Slime:4:  layout_caves
Slime:5
Orc:1:    cheibrodos_orc_arena, layout_diamond_mine
Orc:2:    st_orc_ogre_mass, layout_caves, serial_shops, shop,
          nicolae_shop_statue_plus
Elf:1:    minmay_ambush_box, layout_geoelf_grid, minmay_elf_annihilation
Elf:2:    layout_geoelf_octagon, guppyfry_elf_lava
Elf:3:    elf_hall_gauntlet_narrow, layout_geoelf_grid, gammafunk_ghost_grave,
          kilobyte_mutagenic_chamber
Vaults:1: grunt_vaults_focal, nicolae_vaults_asterisk, grunt_vaults_funnel,
          nicolae_vaults_what_the_h, vaults_room_pool, vaults_mumra_minichess,
          grunt_vaults_hallway_short, layout_vaults_omnigrid, serial_shops, shop
Vaults:2: v_alt_pattern_3, nicolae_vaults_little_squares_3,
          nicolae_vaults_mini_display_case, vaults_room_semicircle,
          grunt_vaults_twisty, nicolae_vaults_diagonal_hallway_7,
          ontoclasm_vaults_decontamination, vaults_dpeg_hooks,
          ontoclasm_vaults_twist, layout_vaults_big_room
Vaults:3: v_alt_pattern_5, nicolae_vaults_meeting, ontoclasm_vaults_pinch,
          vaults_standard_mumra_x, v_misc_2, hangedman_vaults_hat,
          nicolae_vaults_little_squares_3, vaults_mumra_hexcomb,
          nicolae_vaults_rhombus_5, nicolae_vaults_border_crossing,
          blue_anna_dwarven_crypt, nicolae_vaults_little_squares_5,
          v_alt_pattern_1, grunt_vaults_hallway_long,
          ontoclasm_vaults_misaligned, nicolae_vaults_little_squares_6,
          layout_vaults_omnicross
Vaults:4: v_misc_3, vaults_room_pool, v_alt_pattern_6, nicolae_vaults_triangles,
          v_misc_23, v_misc_13, nicolae_vaults_network_quincunx
          [nicolae_vaults_network_quincunx_subvault,
          nicolae_vaults_network_quincunx_subvault,
          nicolae_vaults_network_quincunx_subvault,
          nicolae_vaults_network_quincunx_subvault,
          nicolae_vaults_network_quincunx_subvault], v_misc_23,
          vaults_room_grunt_arrival_ludios, nicolae_vaults_specimen_jars,
          v_misc_25, nicolae_vaults_alarming, st_octagons_1,
          nicolae_vaults_little_ls, layout_vaults_omnibox
Vaults:5: uniq_boris
Crypt:1:  gammafunk_sealed_library, layout_catacombs, uniq_frederick
Crypt:2:  layout_gridlike, minivault_19, uniq_xtahua, uniq_bai_suzhen
Crypt:3:  evilmike_haunted_forest
Depths:1: layout_big_octagon, lightli_too_deep, mu_enter_wizlab_3,
          chequers_serial_rivers_large_a, grunt_ministairs_5,
          minmay_mirror_moons_of_madness
Depths:2: minmay_fractal_lines_corner, layout_honeycomb, pan_entry, abyss_entry,
          gammafunk_ghost_cemetery, grunt_hell_entry_dis_mu,
          chequers_decorated_corner, uniq_aizul
Depths:3: minmay_the_grid_3x2 [minmay_the_grid_fan, minmay_the_grid_dragon_b,
          minmay_the_grid_slots, minmay_the_grid_holed_spiral,
          minmay_the_grid_rooms, minmay_the_grid_prize_shrinking_boxes],
          layout_gridlike, rand_demon_pan_entry_4, lemuel_crystal_altar,
          hell_entry
Depths:4: minmay_tile_spiral, layout_cave_shapes, hangedman_coc_ice_floe,
          chequers_serial_rivers_small_b, hangedman_abyss_entry_splay,
          infiniplex_staircase_pool_2
Depths:5: evilmike_zot_entry_basic, layout_gridville, enter_ziggurat_b,
          hell_entry, minmay_tree_intersection
Hell
Zot:1:    layout_concentric_octagons
Zot:2:    lemuel_halls_of_wrath, layout_misc_corridors
Zot:3:    layout_twisted_circle, grunt_ministairs_1

Skill      XL: |  1  2  3  4  5  6  7  8  9 10 11 12 13 14 15 16 17 18 19 20 21 22 23 24 25 26 27 |
---------------+----------------------------------------------------------------------------------+-----
Fighting       | 4 5 6 7 9 10 11 12 14 15 16 17 18 19 20 21 22 23 25 26 27 | 27.0
Shields        | 4 5 6 7 8 10 11 13 14 15 16 18 20 21 22 23 24 25 27 | 27.0
Armour         | 4 5 6 7 8 9 11 12 13 14 15 16 17 18 19 20 21 22 27 | 27.0
Long Blades    | 3 4 5 6 8 10 12 13 14 15 16 17 18 19 20 21 22 23 24 25 26 27 | 27.0
Dodging        | 1 2 3 4 5 6 |  6.9
Stealth        | 1 2 3 4 5 6 7 11 | 11.7
Evocations     | 1 2 |  2.8
Maces & Flails | 2 |  2.3
Crossbows      | 1 |  1.9
Throwing       | 1 |  1.1
Unarmed Combat | 1 |  1.2
Invocations    | 5 |  5.0
Spellcasting   | |  0.6

Action                   |  1- 3 |  4- 6 |  7- 9 | 10-12 | 13-15 | 16-18 | 19-21 | 22-24 | 25-27 || total
-------------------------+-------+-------+-------+-------+-------+-------+-------+-------+-------++-------
Melee: Long sword        |   109 |   167 |   346 |   951 |   123 |       |       |       |       ||  1696
       Headbutt          |    13 |    41 |    67 |   259 |   376 |   560 |   293 |   612 |  1085 ||  3306
       Double sword      |       |       |       |       |  1108 |  1170 |  1189 |  1691 |  2835 ||  7993
       Whip              |       |       |       |       |    41 |       |       |       |       ||    41
       Falchion          |       |       |       |       |   107 |   958 |       |       |       ||  1065
Invok: Call Merchant     |       |       |       |       |     4 |     3 |       |       |     7 ||    14
       Heroism           |       |       |       |       |       |       |       |       |     1 ||     1
Evoke: Wand              |       |       |     1 |     9 |     5 |       |       |       |     2 ||    17
       Lightning rod     |       |       |       |       |     1 |       |       |       |       ||     1
       Fan of gales      |       |       |       |       |       |     1 |       |       |       ||     1
  Use: Scroll            |     6 |     3 |     4 |    11 |    12 |    10 |    12 |     5 |    36 ||    99
       Potion            |       |       |       |     8 |       |     4 |     9 |       |     2 ||    23
 Stab: Distracted        |       |       |       |     4 |     7 |    20 |     6 |    18 |    16 ||    71
       Confused          |       |       |       |       |       |     2 |       |       |     1 ||     3
       Invisible         |       |       |       |       |       |       |       |     2 |       ||     2
  Eat: Chunk             |       |     6 |     1 |       |       |       |       |       |     5 ||    12
       Ration            |       |       |     4 |     9 |    11 |    13 |     8 |    11 |    18 ||    74
Armor: Scale mail        |    67 |    88 |    38 |       |       |       |       |       |       ||   193
       Plate armour      |       |       |    49 |    72 |       |       |       |       |       ||   121
       Chain mail        |       |       |     2 |   314 |   237 |       |       |       |       ||   553
       Gold dragon scale |       |       |       |       |   193 |  1421 |   505 |   733 |  1341 ||  4193
Dodge: Dodged            |    33 |    66 |   117 |   304 |   398 |   640 |   230 |   414 |  1264 ||  3466
Block: Shield            |    66 |   102 |   145 |   547 |   875 |  1762 |   914 |  1463 |  2912 ||  8786
       Reflection        |       |       |       |       |       |    10 |   100 |    76 |    41 ||   227
       Rpst.: Long sword |     6 |    18 |    29 |    69 |     6 |       |       |       |       ||   128
       Double sword      |       |       |       |       |    79 |    77 |    51 |    86 |   192 ||   485
       Falchion          |       |       |       |       |    15 |    44 |       |       |       ||    59

Table legend:
 A = Non-vault XP
 B = Vault XP
 C = Vault XP percentage of total XP
 D = Non-vault monster count
 E = Vault monster count
 F = Vault count percentage of total count
                 A         B        C        D         E       F
            +---------+---------+-------+---------+---------+-------
      Total |  866991 |  838112 |  49.2 |    1744 |    1008 |  36.6
            +---------+---------+-------+---------+---------+-------
        D:1 |      44 |      17 |  27.9 |      22 |      15 |  40.5
        D:2 |     166 |       0 |   0.0 |      26 |       0 |   0.0
        D:3 |     157 |       2 |   1.3 |      34 |       2 |   5.6
        D:4 |     302 |     330 |  52.2 |      22 |       2 |   8.3
        D:5 |    1115 |       0 |   0.0 |      32 |       0 |   0.0
        D:6 |     773 |    1393 |  64.3 |      30 |       4 |  11.8
        D:7 |     155 |    1514 |  90.7 |       7 |       3 |  30.0
        D:8 |    3089 |    2390 |  43.6 |      36 |       1 |   2.7
        D:9 |     421 |       0 |   0.0 |       8 |       0 |   0.0
       D:10 |     413 |    3247 |  88.7 |       5 |       7 |  58.3
       D:11 |    7565 |       0 |   0.0 |      38 |       0 |   0.0
       D:12 |    9258 |    1889 |  16.9 |      62 |       7 |  10.1
       D:13 |   12990 |    3058 |  19.1 |      42 |       8 |  16.0
       D:14 |    5304 |       0 |   0.0 |      34 |       0 |   0.0
       D:15 |   17171 |    3124 |  15.4 |      49 |       3 |   5.8
     Temple |    3780 |       0 |   0.0 |       1 |       0 |   0.0
     Lair:1 |    3277 |     122 |   3.6 |      17 |      12 |  41.4
     Lair:2 |    3853 |    2366 |  38.0 |      19 |      11 |  36.7
     Lair:3 |    4153 |    6862 |  62.3 |      22 |      17 |  43.6
     Lair:4 |    6260 |    2702 |  30.1 |      21 |       5 |  19.2
     Lair:5 |    5702 |     535 |   8.6 |      16 |       1 |   5.9
     Lair:6 |    4744 |    7652 |  61.7 |       8 |      26 |  76.5
    Swamp:1 |   14532 |   10236 |  41.3 |      38 |      17 |  30.9
    Swamp:2 |   12647 |    3979 |  23.9 |      30 |       3 |   9.1
    Swamp:3 |   17448 |    9018 |  34.1 |      46 |       9 |  16.4
    Swamp:4 |    3856 |   13234 |  77.4 |      11 |      21 |  65.6
   Spider:1 |   18138 |   11474 |  38.7 |      56 |      42 |  42.9
   Spider:2 |   11565 |       0 |   0.0 |      35 |       0 |   0.0
   Spider:3 |   19517 |    7476 |  27.7 |      57 |       1 |   1.7
   Spider:4 |   12083 |   30106 |  71.4 |      27 |      48 |  64.0
    Slime:1 |    9617 |       0 |   0.0 |      16 |       0 |   0.0
    Slime:2 |    9486 |       0 |   0.0 |      14 |       0 |   0.0
    Slime:3 |    7413 |       0 |   0.0 |      19 |       0 |   0.0
    Slime:4 |   10289 |    2478 |  19.4 |      25 |       1 |   3.8
    Slime:5 |   12429 |   32482 |  72.3 |      24 |      11 |  31.4
      Orc:1 |     778 |    4581 |  85.5 |      10 |      20 |  66.7
      Orc:2 |    6771 |   14075 |  67.5 |      46 |      33 |  41.8
      Elf:1 |   12600 |    9486 |  43.0 |      23 |      16 |  41.0
      Elf:2 |   18262 |   27196 |  59.8 |      32 |      36 |  52.9
      Elf:3 |   14426 |   38217 |  72.6 |      23 |      22 |  48.9
   Vaults:1 |   43984 |   11041 |  20.1 |      69 |      14 |  16.9
   Vaults:2 |   45771 |    7757 |  14.5 |      64 |      11 |  14.7
   Vaults:3 |   29620 |   46750 |  61.2 |      36 |      55 |  60.4
   Vaults:4 |   26693 |   54125 |  67.0 |      31 |      56 |  64.4
   Vaults:5 |   13821 |  106096 |  88.5 |      22 |      72 |  76.6
    Crypt:1 |   22112 |    5255 |  19.2 |      38 |       1 |   2.6
    Crypt:2 |   31103 |    9937 |  24.2 |      43 |       2 |   4.4
    Crypt:3 |       0 |   73719 | 100.0 |       0 |     105 | 100.0
   Depths:1 |   24910 |   20455 |  45.1 |      35 |      25 |  41.7
   Depths:2 |   30854 |   30309 |  49.6 |      37 |      10 |  21.3
   Depths:3 |   50624 |   33121 |  39.5 |      63 |      28 |  30.8
   Depths:4 |   55657 |   46903 |  45.7 |      49 |      24 |  32.9
   Depths:5 |   32137 |   15708 |  32.8 |      36 |       8 |  18.2
       Hell |    1682 |     185 |   9.9 |       2 |       1 |  33.3
      Zot:1 |   55105 |       0 |   0.0 |      28 |       0 |   0.0
      Zot:2 |   41405 |   45824 |  52.5 |      26 |      46 |  63.9
      Zot:3 |   40568 |    1795 |   4.2 |      23 |       2 |   8.0
    Abyss:3 |   16850 |       0 |   0.0 |      45 |       0 |   0.0
     Bailey |       0 |    3827 | 100.0 |       0 |      40 | 100.0
      IceCv |       0 |   10753 | 100.0 |       0 |      42 | 100.0
     WizLab |    1546 |   63311 |  97.6 |      14 |      62 |  81.6
            +---------+---------+-------+---------+---------+-------
